Unix NetHack Version 5.0.0-0 post-release - last build May 17 2026 04:57:42 (dc50c8380fa5e20985bfe3072449f57b8d9895ef,branch:main).

Game began 2026-05-19 13:33:40, ended 2026-05-19 13:44:03.

GdeVolpiano, neutral female human Tourist

                       a..
                    ...a@e
                  .......-
                 -.......|    .....
                --...------ .....).
                |...----... ...%).-
                .|..|--..........)|
                 |..-|............--
                  -..|............<--
                   -....        ...[.
                   |....         -...
                   ---..

GdeVolpiano the Sightseer   St:16 Dx:9 Co:13 In:13 Wi:12 Ch:13  Neutral
Dlvl:4  $:957 HP:0(37) Pw:22(22) AC:1  Xp:4 T:1309 

Latest messages:
 The dart misses the gnome.
 In what direction?
 You kill the gnome!
 You swap places with Winston.
 a - a +2 dart (at the ready) (18 in total).
 You see here a horn.
 Winston drops a dagger.
 There is a gnome lord corpse here; eat it? [ynq] (n)
 This gnome lord corpse tastes okay.
 You finish eating the gnome lord corpse.
 You see here a horn.
 M - a horn.
 What do you want to use or apply? [lmvGM or ?*]
 Improvise? [ynq] (q)
 You start playing your horn.
 In what direction?
 A bolt of cold blasts out of the horn!
 The bolt of cold whizzes by you!
 You kill poor Winston!
 You hear the rumble of distant thunder...
 You see here a dagger.
 You see here a dagger.
 You see here 2 daggers.
 a - 2 +2 darts (at the ready) (20 in total).
 What do you want to take off? [wBL or ?*]
 You finish taking off your boots.
 What do you want to wear? [BK or ?*]
 You finish your dressing maneuver.
 What do you want to use or apply? [lmvGM or ?*]
 You don't have that object.
 What do you want to use or apply? [lmvGM or ?*]
 Never mind.
 You hit the floating eye.
 You are frozen by the floating eye's gaze!
 The giant ant bites!
 The giant ant misses!
 The giant ant bites!
 The giant ant bites!
 The giant ant misses!
 The giant ant just misses!
 The giant ant bites!
 The giant ant bites!
 The giant ant bites!
 The giant ant bites!
 The giant ant bites!
 The giant ant bites!
 The giant ant bites!
 The giant ant bites!
 You die...
 Do you want your possessions identified? [ynq] (y)

Inventory:
 Coins    ('$')
  $ - 957 gold pieces
 Weapons  (')')
  a - 20 +2 darts (at the ready)
 Armor    ('[')
  w - an uncursed +0 orcish helm (being worn)
  K - an uncursed +0 pair of iron shoes (being worn)
  B - an uncursed +0 pair of kicking boots
  L - an uncursed +0 dwarvish cloak (being worn)
  k - an uncursed +0 Hawaiian shirt with a jellyfish motif
  C - an uncursed +0 dwarvish mithril-coat (being worn)
 Comestibles  ('%')
  b - an uncursed fig
  c - 7 uncursed food rations
  e - an uncursed melon
  d - an uncursed tripe ration
  y - an uncursed homemade tin of lichen
  g - 2 uncursed tins of pureed goblin meat
  f - an uncursed egg
 Scrolls  ('?')
  q - an uncursed scroll of enchant armor
  j - 4 uncursed scrolls of magic mapping
  H - an uncursed scroll of teleportation
 Potions  ('!')
  h - an uncursed potion of extra healing
  s - an uncursed potion of fruit juice
  E - a cursed potion of fruit juice
  o - an uncursed potion of gain level
  D - an uncursed potion of hallucination
  F - an uncursed potion of healing
  x - a cursed potion of levitation
  A - an uncursed potion of see invisible
  z - an uncursed potion of water
 Wands    ('/')
  v - a wand of sleep (0:5)
 Tools    ('(')
  M - a frost horn (0:6)
  m - an uncursed credit card
  l - an expensive camera (0:35)
  G - an uncursed wax candle
 Gems/Stones  ('*')
  J - an uncursed amber stone
  I - an uncursed worthless piece of green glass
  n - an uncursed worthless piece of red glass

GdeVolpiano the Tourist's attributes:

Background:
 You were a Sightseer, a level 4 female human Tourist.
 You were neutral, nominally on a mission for The Lady
 who was opposed by Blind Io (lawful) and Offler (chaotic).
 You were right-handed.
 You were in the Gnomish Mines, on level 4.
 You entered the dungeon 1309 turns ago.
 There was a new moon in effect when your adventure ended.
 You had 134 experience points, 26 more were needed to attain level 5.

Basics:
 You had 0 out of 37 hit points.
 You had all 22 energy points (spell power).
 Your armor class was 1.
 Your wallet contained 957 zorkmids.
 Autopickup was on for '$?!/="+' plus thrown, with exceptions.

Final Characteristics:
 Your strength was 16 (limit:18/100).
 Your dexterity was 9 (limit:18).
 Your constitution was 13 (limit:18).
 Your intelligence was 13 (limit:18).
 Your wisdom was 12 (limit:18).
 Your charisma was 13 (limit:18).

Final Status:
 You weren't hungry.
 You were unencumbered.
 You were bare handed.
 You were unskilled in bare handed combat.

Final Attributes:
 You had transgressed.
 Your items were somewhat protected from fire.
 Your items were somewhat protected from cold.
 You were guarded.
 Your spell casting was impaired by metallic armor.
 You were unlucky.
 You are dead.

Miscellaneous:
 You didn't encounter any bones levels.
 Total elapsed playing time was 10 minutes and 21 seconds.

Major events:
 Turn
    1: GdeVolpiano the neutral female human Tourist entered the dungeon
  863: attained the rank of Sightseer (level 3)
  925: entered the Gnomish Mines
 1309: killed by a giant ant, while frozen by a floating eye's gaze

Spells:
 Name                 Level Category     Fail Retention
 light                  1   divination   100%  76%-100%
 create monster         2   clerical     100%  76%-100%

Skills:
 Fighting Skills
   bare handed combat [Unskilled]
   two weapon combat  [Unskilled]
   riding             [Unskilled]
 Weapon Skills
   dagger             [Unskilled]
   knife              [Unskilled]
   axe                [Unskilled]
   pick-axe           [Unskilled]
   short sword        [Unskilled]
   broadsword         [Unskilled]
   long sword         [Unskilled]
   two-handed sword   [Unskilled]
   saber              [Unskilled]
   mace               [Unskilled]
   morning star       [Unskilled]
   flail              [Unskilled]
   hammer             [Unskilled]
   quarterstaff       [Unskilled]
   polearms           [Unskilled]
   spear              [Unskilled]
   trident            [Unskilled]
   lance              [Unskilled]
   bow                [Unskilled]
   sling              [Unskilled]
   crossbow           [Unskilled]
   dart               [Basic]
   shuriken           [Unskilled]
   boomerang          [Unskilled]
   whip               [Unskilled]
   unicorn horn       [Unskilled]
 Spellcasting Skills
   divination spells  [Unskilled]
   enchantment spells [Unskilled]
   escape spells      [Unskilled]

Voluntary challenges:
 Character rerolling was not enabled.
 You were an atheist.
 You never hit with a wielded weapon.
 You never genocided any monsters.
 You never polymorphed an object.
 You never changed form.
 You used no wishes.
Achievements:
 You entered a shop.
 You attained the rank of Sightseer.
 You entered the Gnomish Mines.

 The Dungeons of Doom: levels 1 to 4
    Level 1:
       A fountain.
    Level 2:
       A general store, a fountain.
    Level 3:
       Stairs down to The Gnomish Mines.
    Level 4:
 The Gnomish Mines:
    Level 4: <- You were here.
       Final resting place for
          you, killed by a giant ant, while frozen by a floating eye's gaze.


Vanquished creatures:
  a gnome leader
  a little dog
  2 dwarves
  a kobold leader
  2 coyotes
  a hobbit
  a large kobold
  7 gnomes
  4 jackals
  a kobold
  4 goblins
  3 sewer rats
  3 grid bugs
  4 newts
35 creatures vanquished.

No species were genocided or became extinct.

Game over:
                       ----------
                      /          \
                     /    REST    \
                    /      IN      \
                   /     PEACE      \
                  /                  \
                  |   GdeVolpiano    |
                  |      957 Au      |
                  |   killed by a    |
                  |    giant ant     |
                  |                  |
                  |                  |
                  |       2026       |
                 *|     *  *  *      | *
        _________)/\\_//(\/(/\)/\//\/|_)_______

Aloha GdeVolpiano the Tourist...

You died in The Gnomish Mines on dungeon level 4 with 714 points,
and 957 pieces of gold, after 1309 moves.
You were level 4 with a maximum of 37 hit points when you died.

